 Dungeon Sprint DCSS version 0.22-a0-392-g5dc3fd9af9 (webtiles) character file.

154379 Cashmere the Demonic Cataclysm (level 16, -1/234 HPs)
             Began as a Demonspawn Gladiator on May 1, 2018.
             Was a High Priest of Qazlal.
             Slain by an emperor scorpion (11 damage)
             ... in the Dungeon (Sprint IX: "|||||||||||||||||||||||||||||").
             The game lasted 00:11:25 (4384 turns).

Cashmere the Demonic Cataclysm (DsGl)               Turns: 4384, Time: 00:11:26

Health: -1/234     AC: 36    Str: 24    XL:     16   Next: 4%
Magic:  14/33      EV: 14    Int: 11    God:    Qazlal [*****.]
Gold:   1210       SH:  7    Dex: 20    Spells: 15/15 levels left

rFire    + + .     SeeInvis +   o - +4 quarterstaff (speed)
rCold    + . .     Gourm    .   (shield currently unavailable)
rNeg     . . .     Faith    .   M - +0 gold dragon scales
rPois    +         Spirit   .   N - +0 helmet {SInv}
rElec    .         Reflect  .   D - +1 cloak
rCorr    .         Harm     .   c - +0 pair of gloves
MR       +....     NoTele   +   (boots unavailable)
Stlth    ..........             (no amulet)
HPRegen  2.49/turn              I - +6 ring of strength
MPRegen  0.23/turn              B - ring of protection from fire

@: berserking, protected from physical damage, repel missiles, very quick
A: talons 3, iridescent scales 3, mutation resistance 1, nightstalker 2, powered
by death 2, weak 1
}: 3/15 runes: decaying, serpentine, barnacled
a: Upheaval, Elemental Force, Disaster Area, Renounce Religion


You were in the Dungeon.
You worshipped Qazlal.
Qazlal was extremely pleased with you.
You were not hungry.

You visited 1 branch You collected 1900 gold pieces.
You spent 690 gold pieces at shops.

Inventory:

Hand Weapons
 o - a +4 quarterstaff of speed (weapon)
 C - a +1 lajatang
 L - the +1 lajatang of Undoing {antimagic, rElec rF- Str-4 Dex+3 Stlth+}
   (You found it in the Dungeon)

   It reduces the magical energy of the wielder, and disrupts the spells and
   magical abilities of those hit.
   Natural abilities and divine invocations are not affected.
   It affects your strength (-4).
   It affects your dexterity (+3).
   It makes you vulnerable to fire.
   It insulates you from electricity.
   It makes you more stealthy.
Missiles
 d - 3 throwing nets (quivered)
Armour
 b - a +0 cloak
 c - a +0 pair of gloves (worn)
 p - a +0 pair of boots
 q - a +0 helmet
 r - a +1 scale mail
 D - a +1 cloak (worn)
 E - the +4 scale mail "Kerheest" {rN++ Stlth-}
   (You found it in the Dungeon)

   It greatly protects you from negative energy.
   It makes you less stealthy.
 M - +0 gold dragon scales (worn)
 N - a +0 helmet of see invisible (worn)
Jewellery
 h - an uncursed ring of stealth
 s - a +2 ring of evasion
 t - a +2 ring of protection
 y - an uncursed ring of protection from magic
 B - a ring of protection from fire (right hand)
 H - a +6 ring of intelligence
 I - a +6 ring of strength (left hand)
 J - a +6 ring of strength
 K - an uncursed ring of wizardry
Wands
 n - a wand of acid (6)
Scrolls
 a - 4 scrolls of identify
 k - 5 scrolls of blinking
 l - 6 scrolls of remove curse
 m - 2 scrolls of amnesia
 u - 3 scrolls of fog
 v - 6 scrolls of enchant armour
 F - 4 scrolls of enchant weapon
 P - a scroll of fear
Potions
 e - 13 potions of curing
 g - 9 potions of heal wounds
 i - 4 potions of magic
 j - a potion of invisibility
 w - 2 potions of agility
 x - a potion of flight
 z - 3 potions of might
 A - 6 potions of berserk rage
 O - a potion of brilliance
Comestibles
 f - 11 rations
 G - 8 chunks of flesh


   Skills:
 + Level 22.9 Fighting
 + Level 23.0 Staves
 - Level 1.7 Throwing
 + Level 17.0 Armour
 + Level 13.9 Dodging
 O Level 27 Invocations


You had 15 spell levels left.
You didn't know any spells.

Dungeon Overview and Level Annotations

Branches:
Dungeon (1/1)

Altars:
Cheibriados
Dithmenos
Elyvilon
Fedhas
Gozag
Hepliaklqana
Kikubaaqudgha
Makhleb
Nemelex Xobeh
Okawaru
Qazlal
Ru
Sif Muna
Trog
Uskayaw
Vehumet
Wu Jian
Xom
Yredelemnul
Zin
The Shining One
Beogh
Jiyva
Lugonu

Shops:
D !?[

Annotations:
D Sonja


Innate Abilities, Weirdness & Mutations

You have claws for feet.
You are completely covered in iridescent scales. (AC +6)
You are significantly more attuned to the shadows.
You regenerate health from kills.
You are somewhat resistant to further mutation.
You are weak. (Str -2)


Message History

The emperor scorpion is heavily wounded.
The emperor scorpion closely misses you.
You block the emperor scorpion's attack. x2
You hit the emperor scorpion but do no damage.
You claw the emperor scorpion, but do no damage.
The emperor scorpion is heavily wounded.
Unknown command.
You feel much better. The emperor scorpion stings you!
* * * LOW HITPOINT WARNING * * *
The emperor scorpion claws you but does no damage.
The emperor scorpion claws you!
* * * LOW HITPOINT WARNING * * *
The emperor scorpion stings you but does no damage.
You block the emperor scorpion's attack.
The emperor scorpion completely misses you.
A red film seems to cover your vision as you go berserk!
You feel yourself moving faster!
You feel mighty!
You block the emperor scorpion's attack.
The emperor scorpion claws you!
You die...

▓.▓.▓.▓.▓.▓.▓.▓.
▓.▓.▓.▓)▓.▓'▓.▓.
▓†▓.▓.▓)▓.▓.▓.▓.▓.
▓.▓.▓.▓.▓.▓.▓.▓.▓)
▓†▓.▓.▓.▓.▓.▓†▓.▓[
▓.▓.▓.▓.▓[▓.▓.▓.▓.
▓s▓.▓.▓.▓)▓.▓.▓.▓.
▓s▓.▓.▓.▓.▓.▓.▓.▓.
♣@♣.▓.▓.▓.▓.▓.▓.▓.
♣.♣.▓.▓.▓)▓.▓†▓.▓)
♣.♣.▓.▓.▓.▓.▓†▓.▓.
♣≈♣.▓.▓.▓.▓.▓.▓.▓(
♣.♣.▓.▓.▓[▓.♣.♣.▓)
♣≈♣.▓.▓.▓.▓(♣.♣.▓.
♣≈♣.▓.▓.▓.▓(♣.♣.▓.
♣.♣.▓.▓.▓)▓.♣.♣.▓.
♣†♣.▓.▓.▓)▓.♣.♣.▓.


You could see an emperor scorpion (berserk) and a redback.

Vanquished Creatures
  Mennas (D)
  Jory (D)
  Kirke (D)
  Donald (D)
  6 nagarajas (D)
  2 frost giants (D)
  A fire giant (D)
  Louise (D)
  3 ghost moths (D)
  An iron dragon (D)
  3 ironheart preservers (D)
  6 emperor scorpions (D)
  A stone giant (D)
  2 very ugly things (D)
  Nessos (D)
  A vampire knight (D)
  Azrael (D)
  3 merfolk impalers (D)
  2 merfolk javelineers (D)
  2 ettins (D)
  2 ogre magi (D)
  A great orb of eyes (D)
  A yaktaur captain (D)
  2 merfolk avatars (D)
  5 naga warriors (D)
  A ghost crab (D)
  3 rakshasas (D)
  7 hydras (D)
  A catoblepas (D)
  An ice dragon (D)
  2 centaur warriors (D)
  A two-headed ogre (D)
  3 merfolk aquamancers (D)
  An alligator (D)
  A death yak (D)
  A satyr (D)
  A deep troll earth mage (D)
  2 orc high priests (D)
  Nergalle (D)
  A naga sharpshooter (D)
  A deep elf knight (D)
  A skeletal warrior (D)
  An unseen horror (D)
  A flayed ghost (D)
  A wizard (D)
  8 swamp dragons (D)
  6 orc knights (D)
  2 necromancers (D)
  3 ironbrand convokers (D)
  A wolf spider (D)
  5 orc sorcerers (D)
  A cyclops (D)
  A manticore (D)
  A deep elf mage (D)
  A moth of wrath (D)
  2 ugly things (D)
  A guardian serpent (D)
  4 black mambas (D)
  A black mamba (shapeshifter) (D)
  2 merfolk sirens (D)
  A vault sentinel (D)
  2 water nymphs (D)
  3 naga magi (D)
  8 elephants (D)
  A torpor snail (D)
  A spiny frog (D)
  A komodo dragon (D)
  3 yaktaurs (D)
  A demonic crawler (D)
  A freezing wraith (D)
  A meliai (D)
  A jumping spider (D)
  4 merfolk (D)
  A troll (D)
  2 slime creatures (D)
  A wind drake (D)
  A bog body (D)
  2 hippogriffs (D)
  A blink frog (D)
  3 redbacks (D)
  Eustachio (D)
  2 shadows (D)
  A wyvern (D)
  A yak (shapeshifter) (D)
  A fire elemental (D)
  3 yaks (D)
  2 hogs (D)
  Grum (D)
  A vampire mosquito (D)
  2 nagas (D)
  4 water moccasins (D)
  3 hell hounds (D)
  A porcupine (D)
  An eye of draining (D)
  3 swamp drakes (D)
  An ice beast (D)
  7 orc warriors (D)
  2 crocodiles (D)
  2 wolves (D)
  A bullfrog (D)
  3 orc priests (D)
  A hound (D)
  3 orc wizards (D)
  2 adders (D)
  An adder zombie (D)
  An adder simulacrum (D)
  16 orcs (D)
  3 bat zombies (D)
  A goblin (D)
  2 hobgoblins (D)
  A jackal (D)
  A kobold (D)
  A bat (D)
  A giant cockroach zombie (D)
  A quokka skeleton (D)
239 creatures vanquished.

Vanquished Creatures (others)
  Ilsuiw (D)
  A fire giant (D)
2 creatures vanquished.

Grand Total: 241 creatures vanquished

Notes
Turn   | Place    | Note
-------+----------+-------------------------------------------
     0 | D        | Cashmere the Demonspawn Gladiator began the quest for the Orb.
     0 | D        | Reached XP level 1. HP: 16/16 MP: 1/1
    83 | D        | Noticed a hound
    92 | D        | Killed a hound
    92 | D        | Gained mutation: You have sharp toenails. [demonic ancestry]
    92 | D        | Reached XP level 2. HP: 22/22 MP: 2/2
    92 | D        | Gained mutation: You are partially covered in iridescent scales. (AC +2) [demonic ancestry]
    92 | D        | Reached XP level 3. HP: 27/27 MP: 3/3
   148 | D        | Found a roughly hewn altar of Beogh.
   148 | D        | Found a snail-covered altar of Cheibriados.
   148 | D        | Found a shadowy altar of Dithmenos.
   148 | D        | Found a white marble altar of Elyvilon.
   148 | D        | Found a blossoming altar of Fedhas.
   148 | D        | Found an opulent altar of Gozag.
   149 | D        | Found a hazy altar of Hepliaklqana.
   150 | D        | Found a viscous altar of Jiyva.
   151 | D        | Found an ancient bone altar of Kikubaaqudgha.
   152 | D        | Found a corrupted altar of Lugonu.
   153 | D        | Found a burning altar of Makhleb.
   154 | D        | Found a sparkling altar of Nemelex Xobeh.
   155 | D        | Found an iron altar of Okawaru.
   156 | D        | Found a stormy altar of Qazlal.
   157 | D        | Found a sacrificial altar of Ru.
   158 | D        | Found a deep blue altar of Sif Muna.
   159 | D        | Found a bloodstained altar of Trog.
   160 | D        | Found a hide-covered altar of Uskayaw.
   161 | D        | Found a radiant altar of Vehumet.
   162 | D        | Found an ornate altar of the Wu Jian Council.
   163 | D        | Found a shimmering altar of Xom.
   164 | D        | Became a worshipper of Qazlal Stormbringer
   165 | D        | Found a basalt altar of Yredelemnul.
   166 | D        | Found a glowing silver altar of Zin.
   167 | D        | Found a glowing golden altar of the Shining One.
   230 | D        | Noticed an ice beast
   235 | D        | Killed an ice beast
   235 | D        | Reached skill level 3 in Invocations
   235 | D        | Reached XP level 4. HP: 35/35 MP: 3/6
   239 | D        | Reached skill level 4 in Invocations
   239 | D        | Gained mutation: You are slightly more attuned to the shadows. [demonic ancestry]
   239 | D        | Reached XP level 5. HP: 41/41 MP: 3/8
   243 | D        | Reached * piety under Qazlal
   256 | D        | Reached ** piety under Qazlal
   273 | D        | Noticed a troll
   273 | D        | Noticed an eye of draining
   273 | D        | Noticed a hippogriff
   278 | D        | Noticed a slime creature
   286 | D        | Killed a hippogriff
   286 | D        | Reached skill level 1 in Armour
   286 | D        | Reached skill level 5 in Dodging
   286 | D        | Reached skill level 6 in Invocations
   286 | D        | Gained mutation: You have razor-sharp toenails. [demonic ancestry]
   286 | D        | Reached XP level 6. HP: 35/49 MP: 1/11
   295 | D        | Reached skill level 5 in Fighting
   295 | D        | Reached skill level 10 in Staves
   295 | D        | Reached skill level 7 in Invocations
   309 | D        | Killed a troll
   309 | D        | Reached skill level 8 in Invocations
   309 | D        | Gained mutation: You are mostly covered in iridescent scales. (AC +4) [demonic ancestry]
   309 | D        | Reached XP level 7. HP: 38/56 MP: 2/13
   319 | D        | Killed a slime creature
   319 | D        | Reached *** piety under Qazlal
   319 | D        | Reached skill level 9 in Invocations
   461 | D        | Noticed a spiny frog
   461 | D        | Noticed a hippogriff
   479 | D        | Killed a hippogriff
   479 | D        | Reached **** piety under Qazlal
   479 | D        | Reached XP level 8. HP: 65/65 MP: 13/15
   488 | D        | Killed a spiny frog
   488 | D        | Reached skill level 10 in Invocations
   514 | D        | Reached ***** piety under Qazlal
   782 | D        | Noticed a komodo dragon
   783 | D        | Noticed a catoblepas
   803 | D        | Killed a komodo dragon
   817 | D        | HP: 1/68 [catoblepas (24)]
   822 | D        | Killed a catoblepas
   822 | D        | Reached skill level 5 in Armour
   822 | D        | Reached skill level 11 in Invocations
   822 | D        | Gained mutation: You have claws for feet. [demonic ancestry]
   822 | D        | Reached XP level 9. HP: 40/75 MP: 10/17
  1022 | D        | Noticed a six-headed hydra
  1028 | D        | Noticed a death yak
  1035 | D        | Killed a six-headed hydra
  1035 | D        | Reached skill level 12 in Invocations
  1041 | D        | Killed a death yak
  1041 | D        | Reached skill level 10 in Fighting
  1041 | D        | Reached skill level 13 in Invocations
  1041 | D        | Gained mutation: You regenerate a little health from kills. [demonic ancestry]
  1041 | D        | Reached XP level 10. HP: 45/85 MP: 10/19
  1278 | D        | Noticed an elephant
  1278 | D        | Noticed an elephant
  1278 | D        | Noticed an elephant
  1278 | D        | Noticed an elephant
  1278 | D        | Noticed an elephant
  1289 | D        | Killed an elephant
  1290 | D        | Noticed an elephant
  1292 | D        | Killed an elephant
  1294 | D        | Killed an elephant
  1294 | D        | Reached skill level 14 in Invocations
  1297 | D        | Killed an elephant
  1301 | D        | Killed an elephant
  1311 | D        | Killed an elephant
  1313 | D        | Noticed an elephant
  1315 | D        | Noticed an elephant
  1326 | D        | Killed an elephant
  1326 | D        | Reached skill level 15 in Staves
  1326 | D        | Reached skill level 15 in Invocations
  1338 | D        | Killed an elephant
  1392 | D        | Noticed Eustachio
  1407 | D        | Killed Eustachio
  1407 | D        | Reached ****** piety under Qazlal
  1432 | D        | Noticed Sonja
  1476 | D        | Gained mutation: You regenerate health from kills. [demonic ancestry]
  1476 | D        | Reached XP level 11. HP: 37/93 MP: 22/22
  1488 | D        | Noticed an orc knight
  1491 | D        | Noticed an orc knight
  1494 | D        | Killed an orc knight
  1500 | D        | Killed an orc knight
  1500 | D        | Reached skill level 16 in Invocations
  1681 | D        | Noticed an orc sorcerer
  1682 | D        | Killed an orc sorcerer
  1686 | D        | Noticed an orc knight
  1686 | D        | Noticed an orc knight
  1687 | D        | Killed an orc knight
  1687 | D        | Reached skill level 17 in Invocations
  1687 | D        | Killed an orc knight
  1778 | D        | Noticed an orc high priest
  1778 | D        | Noticed an orc knight
  1778 | D        | Noticed an orc sorcerer
  1779 | D        | Killed an orc knight
  1779 | D        | Killed an orc high priest
  1779 | D        | Reached skill level 18 in Invocations
  1783 | D        | Killed an orc sorcerer
  1784 | D        | Found Boxkasm's Armour Boutique.
  1784 | D        | Noticed an orc high priest
  1785 | D        | Noticed an orc sorcerer
  1786 | D        | Found Yvved's Magic Scroll Shop.
  1787 | D        | Killed an orc high priest
  1787 | D        | Killed an orc sorcerer
  1787 | D        | Reached skill level 19 in Invocations
  1793 | D        | Found Kutunoit's Distillery.
  1794 | D        | Noticed an orc sorcerer
  1796 | D        | Found Yzablix's Distillery.
  1797 | D        | Killed an orc sorcerer
  1799 | D        | Noticed an orc sorcerer
  1806 | D        | Killed an orc sorcerer
  1858 | D        | Bought a potion of magic for 112 gold pieces
  1858 | D        | Bought a potion of curing for 42 gold pieces
  1858 | D        | Bought a potion of agility for 56 gold pieces
  1858 | D        | Bought a potion of agility for 56 gold pieces
  1858 | D        | Bought a potion of curing for 42 gold pieces
  1858 | D        | Bought a potion of curing for 42 gold pieces
  1860 | D        | Bought a potion of heal wounds for 50 gold pieces
  1860 | D        | Bought a potion of flight for 30 gold pieces
  1860 | D        | Bought a potion of might for 40 gold pieces
  1860 | D        | Bought 2 potions of berserk rage for 100 gold pieces
  1860 | D        | Bought a potion of heal wounds for 50 gold pieces
  1860 | D        | Bought a potion of might for 40 gold pieces
  1860 | D        | Bought a potion of curing for 30 gold pieces
  1959 | D        | Found the +8 longbow "Zephyr" {speed, Dex+3 SInv}
  1992 | D        | Got the +4 scale mail "Kerheest" {rN++ Stlth-}
  2011 | D        | Gained mutation: You are weak. (Str -2) [potion of mutation]
  2011 | D        | Gained mutation: You are somewhat resistant to further mutation. [potion of mutation]
  2025 | D        | Noticed a purple ugly thing
  2025 | D        | Noticed a two-headed ogre
  2026 | D        | Killed a purple ugly thing
  2026 | D        | Reached skill level 20 in Invocations
  2027 | D        | Killed a two-headed ogre
  2030 | D        | Noticed an ettin
  2031 | D        | Noticed an ettin
  2032 | D        | Killed an ettin
  2032 | D        | Reached XP level 12. HP: 98/103 MP: 18/26
  2032 | D        | Killed an ettin
  2032 | D        | Reached skill level 21 in Invocations
  2045 | D        | Noticed a stone giant
  2045 | D        | Noticed an ogre mage
  2047 | D        | Killed an ogre mage
  2047 | D        | Killed a stone giant
  2047 | D        | Reached skill level 10 in Armour
  2047 | D        | Reached skill level 22 in Invocations
  2048 | D        | Noticed a deep troll earth mage
  2085 | D        | Killed a deep troll earth mage
  2207 | D        | Noticed Kirke
  2321 | D        | Killed Kirke
  2321 | D        | Reached skill level 23 in Invocations
  2328 | D        | Noticed Grum
  2340 | D        | Killed Grum
  2420 | D        | Noticed a naga warrior
  2421 | D        | Killed a naga warrior
  2421 | D        | Reached skill level 24 in Invocations
  2616 | D        | Noticed a merfolk javelineer
  2616 | D        | Noticed a satyr
  2618 | D        | Killed a merfolk javelineer
  2618 | D        | Reached skill level 25 in Invocations
  2618 | D        | Reached XP level 13. HP: 102/112 MP: 29/29
  2629 | D        | Noticed a merfolk impaler
  2647 | D        | Killed a merfolk impaler
  2664 | D        | Reached skill level 26 in Invocations
  2828 | D        | Killed a ghost moth
  2828 | D        | Reached skill level 27 in Invocations
  2856 | D        | Killed a ghost moth
  2883 | D        | Noticed Nergalle
  2910 | D        | Killed Nergalle
  2934 | D        | Noticed Nessos
  2936 | D        | Killed Nessos
  2936 | D        | Reached skill level 15 in Fighting
  2936 | D        | Reached skill level 10 in Dodging
  3171 | D        | Noticed Azrael
  3178 | D        | Noticed Donald
  3195 | D        | Killed Azrael
  3197 | D        | Killed Donald
  3396 | D        | Noticed a fire giant
  3398 | D        | Noticed a fire giant
  3399 | D        | Noticed a frost giant
  3400 | D        | Noticed a frost giant
  3402 | D        | Killed a fire giant
  3404 | D        | Killed a fire giant
  3404 | D        | Gained mutation: You are completely covered in iridescent scales. (AC +6) [demonic ancestry]
  3404 | D        | Reached XP level 14. HP: 81/125 MP: 24/31
  3410 | D        | Noticed an iron dragon
  3410 | D        | Killed a frost giant
  3410 | D        | Killed a frost giant
  3416 | D        | Noticed a red very ugly thing
  3424 | D        | Noticed a cyan very ugly thing
  3432 | D        | Killed an iron dragon
  3438 | D        | Killed a cyan very ugly thing
  3440 | D        | Killed a cyan very ugly thing
  3443 | D        | Noticed a vampire knight
  3481 | D        | Paralysed by something for 4 turns
  3490 | D        | Killed a vampire knight
  3571 | D        | Noticed an ironheart preserver
  3571 | D        | Noticed an ironheart preserver
  3572 | D        | Killed an ironheart preserver
  3586 | D        | Killed an ironheart preserver
  3594 | D        | Noticed an ironheart preserver
  3601 | D        | Killed an ironheart preserver
  3692 | D        | Noticed Louise
  3697 | D        | Killed Louise
  3722 | D        | Noticed Jory
  3745 | D        | Killed Jory
  3837 | D        | Got the +1 lajatang of Undoing {antimagic, rElec rF- Str-4 Dex+3 Stlth+}
  3916 | D        | Noticed Mennas
  3917 | D        | Killed Mennas
  3917 | D        | Reached XP level 15. HP: 141/141 MP: 32/32
  4071 | D        | Noticed Ilsuiw
  4114 | D        | Killed Ilsuiw
  4148 | D        | Got a barnacled rune of Zot
  4169 | D        | Noticed a nagaraja
  4169 | D        | Noticed a nagaraja
  4171 | D        | Killed a nagaraja
  4171 | D        | Killed a nagaraja
  4180 | D        | Noticed a nagaraja
  4185 | D        | Noticed a nagaraja
  4185 | D        | Killed a nagaraja
  4185 | D        | Killed a nagaraja
  4185 | D        | Reached skill level 15 in Armour
  4187 | D        | Noticed a nagaraja
  4188 | D        | Noticed a nagaraja
  4230 | D        | Killed a nagaraja
  4243 | D        | Killed a nagaraja
  4298 | D        | Got a serpentine rune of Zot
  4348 | D        | Got a decaying rune of Zot
  4366 | D        | Noticed a ghost moth
  4372 | D        | Killed a ghost moth
  4376 | D        | Gained mutation: You are significantly more attuned to the shadows. [demonic ancestry]
  4376 | D        | Reached XP level 16. HP: 65/156 MP: 19/33
  4383 | D        | HP: 5/156 [emperor scorpion (16)]
  4384 | D        | Slain by an emperor scorpion

Vault maps used:
D:        linesprint

Skill      XL: |  1  2  3  4  5  6  7  8  9 10 11 12 13 14 15 16 |
---------------+-------------------------------------------------+-----
Staves         | 6 7 9 10 11 13 14 15 16 18 20 22 23 | 23.0
Fighting       | 3 4 5 6 8 10 11 12 13 16 20 22 | 22.9
Dodging        | 4 5 6 7 8 9 10 12 13 | 13.9
Invocations    | 3 4 6 8 9 11 13 15 20 25 27 | 27.0
Armour         | 1 2 3 5 7 8 9 10 11 13 16 17 | 17.0
Throwing       | |  1.7

Action                   |  1- 3 |  4- 6 |  7- 9 | 10-12 | 13-15 | 16-18 || total
-------------------------+-------+-------+-------+-------+-------+-------++-------
Melee: Quarterstaff      |    38 |    54 |   112 |   157 |   377 |     6 ||   744
       Kick              |       |       |     7 |    67 |   158 |     5 ||   237
       Unarmed           |       |       |       |     1 |       |       ||     1
Invok: Disaster Area     |       |       |     2 |    15 |    27 |     1 ||    45
Evoke: Wand              |       |       |       |     4 |       |       ||     4
  Use: Potion            |     1 |     1 |     4 |     1 |     1 |     2 ||    10
 Stab: Petrified         |       |       |    16 |       |       |       ||    16
       Petrifying        |       |       |     1 |       |       |       ||     1
  Eat: Chunk             |       |       |       |     4 |     4 |       ||     8
       Ration            |       |       |       |       |     1 |       ||     1
Armor: Leather armour    |    13 |       |       |       |       |       ||    13
       Scale mail        |     2 |    15 |    17 |    40 |    62 |       ||   136
       Gold dragon scale |       |       |       |       |    60 |     7 ||    67
Dodge: Dodged            |    17 |    23 |    35 |    63 |    58 |     3 ||   199
       Deflected         |       |       |       |     2 |     9 |       ||    11
Block: Other             |       |     1 |     9 |    34 |    40 |     5 ||    89

Table legend:
 A = Spawn XP
 B = Non-spawn XP
 C = Spawn XP percentage of total XP
 D = Spawn monster count
 E = Non-spawn monster count
 F = Spawn count percentage of total count
 G = Total turns spent on level
                    A         B        C        D         E        F      G
               +---------+---------+-------+---------+---------+-------+---------
         Total |       0 |  156257 |   0.0 |       0 |     241 |   0.0 |  4384
               +---------+---------+-------+---------+---------+-------+---------
             D |       0 |  156257 |   0.0 |       0 |     241 |   0.0 |  4384
               +---------+---------+-------+---------+---------+-------+---------
